 Dungeon Crawl Stone Soup version 0.21-a0-331-gfb491b4 (webtiles) character file.

559 nikopol the Magician (level 7, -9/36 HPs)
             Began as a Deep Elf Fire Elementalist on Oct 2, 2017.
             Was an Initiate of Vehumet.
             Shot with an arrow by a centaur (15 damage)
             ... on level 5 of the Dungeon.
             The game lasted 00:11:30 (3779 turns).

nikopol the Magician (Deep Elf Fire Elementalist)   Turns: 3779, Time: 00:11:31

Health: -9/36      AC:  3    Str:  5    XL:     7   Next: 9%
Magic:  8/18       EV: 13    Int: 22    God:    Vehumet [......]
Gold:   168        SH:  0    Dex: 15    Spells: 13/19 levels left

rFire    . . .     SeeInvis .   e - +0 dagger
rCold    . . .     Gourm    .   (no shield)
rNeg     . . .     Faith    .   a - +0 robe
rPois    .         Spirit   .   (no helmet)
rElec    .         Reflect  .   (no cloak)
rCorr    .         Harm     .   k - +0 pair of gloves
MR       .....                  (no boots)
Stlth    +++.......             (no amulet)
HPRegen  0.12/turn              (no ring)
MPRegen  0.16/turn              (no ring)

@: no status effects
A: no striking features
a: Renounce Religion


You were on level 5 of the Dungeon.
You worshipped Vehumet.
Vehumet was noncommittal.
You were hungry.

You visited 1 branch of the dungeon, and saw 5 of its levels.

You collected 168 gold pieces.

Inventory:

Hand Weapons
 e - a +0 dagger (weapon)
Armour
 a - a +0 robe (worn)
 k - a +0 pair of gloves (worn)
Jewellery
 p - a +6 ring of dexterity {unknown}
Wands
 y - a wand of flame (23/48)
 z - a wand of iceblast (9/15)
Scrolls
 d - a scroll of remove curse {unknown}
 f - 4 scrolls of teleportation
 g - a scroll of amnesia {unknown}
 h - 2 scrolls of fear {unknown}
 i - a scroll of random uselessness {unknown}
 m - 3 scrolls of identify {unknown}
 q - a scroll of enchant weapon {unknown}
 r - 2 scrolls of blinking
 t - a scroll of magic mapping {unknown}
Potions
 l - a potion of flight {unknown}
 o - 2 potions of cancellation {unknown}
 s - a potion of degeneration {unknown}
 u - a potion of berserk rage {unknown}
 v - 2 potions of brilliance {unknown}
 w - a potion of curing {unknown}
 x - 2 potions of heal wounds {unknown}
 A - 2 potions of magic {unknown}
Books
 b - a book of Flames

   Spells                             Type                      Level
   a - Flame Tongue                   Conjuration/Fire             1
   b - Throw Flame                    Conjuration/Fire             2
   c - Conjure Flame                  Conjuration/Fire             3
   d - Inner Flame                    Hexes/Fire                   3
   e - Sticky Flame                   Conjuration/Fire             4
   f - Fireball                       Conjuration/Fire             5
Comestibles
 c - 4 bread rations
 j - 3 meat rations
 n - a royal jelly
 B - 8 chunks of flesh


   Skills:
 + Level 0.2 Fighting
 + Level 3.2 Dodging
 + Level 3.9 Stealth
 + Level 6.5 Spellcasting
 + Level 3.3 Conjurations
 + Level 5.7 Fire Magic


You had 13 spell levels left.
You knew the following spells:

 Your Spells              Type           Power        Failure   Level  Hunger
a - Flame Tongue          Conj/Fire      ####.        1%          1    None
b - Throw Flame           Conj/Fire      ####..       1%          2    None
c - Conjure Flame         Conj/Fire      ####....     4%          3    #......


Dungeon Overview and Level Annotations

Branches:
Dungeon (5/15)
 Temple: D:4-7

Altars:
Nemelex Xobeh
Okawaru
Sif Muna
Vehumet

Shops:
D:4 *%%([


Message History

Aiming: Throw Flame
Press: ? - help, Shift-Dir - straight line, f/p - centaur
Aim: a centaur, wielding an enchanted shortbow The puff of flame misses the centaur.
The centaur shoots an arrow.
The arrow barely misses you.
Casting: Throw Flame
Confirm with . or Enter, or press ? or * to list all spells.
Aiming: Throw Flame
Press: ? - help, Shift-Dir - straight line, f/p - centaur
Aim: a centaur, wielding an enchanted shortbow The puff of flame hits the centaur.
The centaur is moderately wounded.
You are feeling hungry.
The centaur shoots an arrow.
The arrow hits you!
The centaur shoots an arrow.
The arrow hits you!
* * * LOW HITPOINT WARNING * * *
The centaur shoots an arrow.
The arrow misses you.
You see here an arrow.
The centaur shoots an arrow.
The arrow hits you!
You die...

### #.. #### #.#
#.#...# #.#
#......###.######
#......((.@.....#
#..c...###.####.#
#.#...# #.# #.#
#### #.# #.# #.#
#<# #.# #.# #>#
#.# #.# #.# #..


You could see a centaur.

Vanquished Creatures
  2 ogres (D:4)
  A scorpion (D:4)
  A hound (D:4)
  3 bullfrog skeletons (D:4)
  2 orc wizards (D:4)
  Jessica (D:3)
  2 worker ants
  3 adders
  2 oozes
  2 worms
  A dart slug (D:1)
  2 leopard geckos
  3 orcs (D:4)
  4 bats
  5 giant cockroaches
  6 goblins
  3 hobgoblins
  6 jackals
  6 kobolds
  A ball python (D:4)
  3 frilled lizards
  7 rats
66 creatures vanquished.

Notes
Turn   | Place    | Note
-------+----------+-------------------------------------------
     0 | D:1      | nikopol the Deep Elf Fire Elementalist began the quest for the Orb.
     0 | D:1      | Reached XP level 1. HP: 10/10 MP: 6/6
   148 | D:1      | Reached XP level 2. HP: 15/15 MP: 4/8
   869 | D:2      | Reached XP level 3. HP: 18/19 MP: 4/9
   988 | D:2      | Found an iron altar of Okawaru.
  1663 | D:2      | Reached skill level 4 in Spellcasting
  1825 | D:3      | Found a sparkling altar of Nemelex Xobeh.
  1825 | D:3      | Found a radiant altar of Vehumet.
  1830 | D:3      | Became a worshipper of Vehumet
  1895 | D:3      | Reached XP level 4. HP: 24/24 MP: 10/12
  2197 | D:3      | Noticed Jessica
  2200 | D:3      | Killed Jessica
  2289 | D:3      | Learned a level 2 spell: Throw Flame
  2293 | D:3      | Learned a level 3 spell: Conjure Flame
  2340 | D:4      | Found Kabunow's Weapon Boutique.
  2371 | D:4      | Noticed an ogre
  2375 | D:4      | Killed an ogre
  2375 | D:4      | Reached XP level 5. HP: 28/28 MP: 4/14
  2498 | D:4      | Reached skill level 5 in Spellcasting
  2558 | D:4      | Found Tifupsoi's Food Emporium.
  2567 | D:4      | Reached XP level 6. HP: 32/32 MP: 5/16
  2672 | D:4      | Found Tiuvve's Food Boutique.
  2744 | D:4      | Reached skill level 5 in Fire Magic
  2781 | D:4      | Found Evaiput's Assorted Antiques.
  2814 | D:4      | Reached skill level 6 in Spellcasting
  2991 | D:4      | Reached XP level 7. HP: 32/36 MP: 2/18
  3331 | D:4      | Found Xitteloug's Armour Boutique.
  3567 | D:4      | Found a deep blue altar of Sif Muna.
  3716 | D:5      | Entered Level 5 of the Dungeon
  3779 | D:5      | Shot with an arrow by a centaur

Vault maps used:
D:1:      onia_arrival_handbag, nrook_uturn, glass_columns_c
D:2:      first_bread, kennysheep_okawaru_gauntlet
D:3:      gammafunk_temple_overflow_wave, uniq_jessica
D:4:      lemuel_blue_sif_altar, serial_shops, nicolae_shop_behind_doors,
          shop_fountains, shop, shop, shop
D:5:      cheibrodos_barr_body, slow_altar_1, enter_ossuary_4,
          nemelex_xobeh_ov_fountains_minmay, uniq_grinder, uniq_ijyb

Skill      XL: |  1  2  3  4  5  6 |
---------------+-------------------+-----
Fire Magic     | 4 5 |  5.7
Dodging        | 3 |  3.2
Spellcasting   | 4 5 6 |  6.5
Conjurations   | 2 3 |  3.3
Stealth        | 3 |  3.9
Fighting       | |  0.2

Action                   |  1- 3 |  4- 6 |  7- 9 || total
-------------------------+-------+-------+-------++-------
 Cast: Flame Tongue      |    72 |    46 |    16 ||   134
       Throw Flame       |       |    13 |     3 ||    16
       Conjure Flame     |       |     2 |       ||     2
  Use: Scroll            |     3 |       |       ||     3
  Eat: Chunk             |     3 |     3 |       ||     6
       Royal jelly       |       |       |     1 ||     1
Armor: Robe              |     1 |     2 |       ||     3
Dodge: Dodged            |    17 |    14 |     6 ||    37

Table legend:
 A = Spawn XP
 B = Non-spawn XP
 C = Spawn XP percentage of total XP
 D = Spawn monster count
 E = Non-spawn monster count
 F = Spawn count percentage of total count
 G = Total turns spent on level
                    A         B        C        D         E        F      G
               +---------+---------+-------+---------+---------+-------+---------
         Total |       0 |     799 |   0.0 |       0 |      66 |   0.0 |  3779
               +---------+---------+-------+---------+---------+-------+---------
           D:1 |       0 |      34 |   0.0 |       0 |      16 |   0.0 |   862
           D:2 |       0 |      54 |   0.0 |       0 |      14 |   0.0 |   879
           D:3 |       0 |      74 |   0.0 |       0 |      14 |   0.0 |   563
           D:4 |       0 |     596 |   0.0 |       0 |      17 |   0.0 |  1412
           D:5 |       0 |      41 |   0.0 |       0 |       5 |   0.0 |    63
               +---------+---------+-------+---------+---------+-------+---------
